 Dungeon Crawl Stone Soup version 0.19-a0-1254-gb9c29c0 (webtiles) character file.

95 4thArraOfDagon the Sneak (level 4, -3/19 HPs)
             Began as a Felid Conjurer on Aug 27, 2016.
             Was a Follower of Okawaru.
             Slain by Joseph
             ... wielding a +6 quarterstaff of holy wrath
              (15 damage)
             ... on level 8 of the Dungeon.
             The game lasted 00:07:45 (1699 turns).

4thArraOfDagon the Sneak (Felid Conjurer)           Turns: 1699, Time: 00:07:46

Health: -3/19      AC:  1    Str:  4    XL:     4   Next: 40%
Magic:  5/8        EV: 24    Int: 18    God:    Okawaru [*.....]
Gold:   120        SH:  0    Dex: 16    Spells: 1 memorised, 6 levels left
                                        Lives:  0   Deaths: 1

rFire  . . .     SeeInvis +       - Unarmed
rCold  . . .     Gourm    .     (armour unavailable)
rNeg   . . .     Faith    .     (shield unavailable)
rPois  .         Spirit   .     (helmet unavailable)
rElec  .         Dismiss  .     (cloak unavailable)
rCorr  +         Reflect  .     (gloves unavailable)
MR     .....     Harm     .     (boots unavailable)
Stlth  +++++.....               (no amulet)
                                (no ring)
                                l - ring of resist corrosion

@: heroism, quick
A: no armour, no weapons or thrown items, claws 1, fangs 3, see invisible,
carnivore 3, speed 1, shaggy fur 1, slow metabolism 1, sharp paws
a: Heroism, Renounce Religion


You were on level 8 of the Dungeon.
You worshipped Okawaru.
Okawaru was aware of your devotion.
You were not hungry.

You visited 1 branch of the dungeon, and saw 7 of its levels.
You also visited: Sewer.

You collected 120 gold pieces.

Inventory:

Jewellery
 l - a ring of resist corrosion (left paw)
Wands
 n - a wand of polymorph (7/24)
Scrolls
 c - 2 scrolls of enchant armour {unknown}
 d - a scroll of amnesia {unknown}
 f - 3 scrolls of remove curse
 i - a scroll of magic mapping
 o - 2 scrolls of fog
 p - a scroll of fear {unknown}
 q - a scroll of recharging {unknown}
Potions
 e - a potion of cure mutation {unknown}
 g - a potion of curing
 h - a potion of haste {unknown}
 j - a potion of brilliance {unknown}
 m - a potion of flight {unknown}
 r - a potion of heal wounds {unknown}
Books
 a - a book of Conjurations

   Spells                             Type                      Level
   a - Magic Dart                     Conjuration                  1
   b - Searing Ray                    Conjuration                  2
   c - Dazzling Spray                 Conjuration/Hexes            3
   d - Fulminant Prism                Conjuration/Hexes            4
   e - Iskenderun's Mystic Blast      Conjuration                  4
   f - Iskenderun's Battlesphere      Conjuration/Charms           5
Comestibles
 b - 4 meat rations
 k - a royal jelly


   Skills:
 + Level 1.7(6.7) Fighting
 + Level 3.6(8.6) Dodging
 + Level 4.2(9.2) Stealth
 * Level 3.2(8.2) Unarmed Combat
 - Level 2.0 Spellcasting
 - Level 3.6 Conjurations
 + Level 1.3 Invocations


You had 6 spell levels left.
You knew the following spells:

 Your Spells              Type           Power        Failure   Level  Hunger
a - Magic Dart            Conj           ##..         4%          1    #......


Dungeon Overview and Level Annotations

Branches:
Dungeon (8/15)
 Temple: D:4-7         Lair: D:8-11

Altars:
Elyvilon
Okawaru
Qazlal
Vehumet
Yredelemnul

Annotations:
D:3 Grinder
D:6 Gruesome's ghost, novice OpMo; Menkaure
D:8 Joseph


Innate Abilities, Weirdness & Mutations

You cannot wear armour.
You are incapable of wielding weapons or throwing items.
You have sharp claws.
You have razor-sharp teeth.
You have supernaturally acute eyesight. (SInv)
You are carnivorous and can eat meat at any time.
You cover ground quickly.
You are covered in fur. (AC +1)
You have a slow metabolism.
Your sharp claws are effective at attacking unaware monsters.


Message History

You smack Joseph!
Joseph is severely wounded.
You hit Joseph but do no damage.
Joseph is severely wounded.
Joseph hits you but does no damage.
You hit Joseph but do no damage.
Joseph is severely wounded.
Joseph hits you but does no damage.
You barely miss Joseph.
Joseph is severely wounded.
Joseph hits you but does no damage.
It was a potion of curing.
You feel better. Joseph hits you but does no damage.
Unknown command.
You smack Joseph!
Joseph is almost dead.
You feel less woody.
You feel like a meek peon again.
You gain the combat prowess of a mighty hero.
Joseph hits you with an uncursed quarterstaff of holy wrath!
Ouch! That really hurt!
You die...

....<..+
#......#
#...@..#
#......#
#......#
#########......#
#.......#......#
#....(..#......#
#.....(@#(.....#
#.......@......#
#.......#.....<#
################


You could see Joseph.

Vanquished Creatures
  Eustachio (D:6)
  A worker ant (D:6)
  2 giant geckos (D:1)
  An orc (D:6)
  3 ball pythons
  A giant cockroach (D:1)
  3 goblins
  2 hobgoblins (D:3)
  A jackal (D:3)
  5 kobolds
  A quokka (D:4)
  5 bats
  2 giant newts
  6 rats
34 creatures vanquished.

Notes
Turn   | Place    | Note
-------+----------+-------------------------------------------
     0 | D:1      | 4thArraOfDagon the Felid Conjurer began the quest for the Orb.
     0 | D:1      | Reached XP level 1. HP: 7/7 MP: 4/4
    30 | D:1      | Reached skill level 1 in Unarmed Combat
   137 | D:1      | Reached XP level 2. HP: 11/11 MP: 6/6
   594 | D:3      | Found a radiant altar of Vehumet.
   605 | D:3      | Found a basalt altar of Yredelemnul.
   605 | D:3      | Found a stormy altar of Qazlal.
   606 | D:3      | Found an iron altar of Okawaru.
   607 | D:3      | Found a white marble altar of Elyvilon.
   619 | D:3      | Became a worshipper of Warmaster Okawaru
   770 | D:3      | Reached skill level 3 in Stealth
   803 | D:3      | Reached XP level 3. HP: 15/15 MP: 1/7
   979 | D:3      | Noticed Grinder
  1039 | D:4      | You fall through a shaft for 2 floors!
  1173 | D:6      | Reached skill level 1 in Fighting
  1233 | D:6      | Noticed Gruesome's ghost (novice OpMo)
  1250 | D:6      | Noticed Menkaure
  1295 | D:6      | Noticed Eustachio
  1337 | D:6      | Killed Eustachio
  1337 | D:6      | Reached * piety under Okawaru
  1337 | D:6      | Reached skill level 4 in Stealth
  1337 | D:6      | Reached skill level 1 in Invocations
  1337 | D:6      | Reached XP level 4. HP: 15/19 MP: 8/8
  1337 | D:6      | Reached XP level 5. HP: 18/22 MP: 9/9
  1396 | D:6      | Found a glowing drain.
  1401 | Sewer    | Entered a sewer
  1548 | D:6      | Slain by a river rat
  1549 | D:6      | Reached XP level 4. HP: -3/19 MP: 6/8
  1656 | D:8      | Noticed Joseph
  1699 | D:8      | Slain by Joseph

Vault maps used:
D:1:      dpeg_arrival_radiant
D:2:      nicolae_overflow_hidden_temple, lemuel_doored_altar, uniq_sigmund
D:3:      kennysheep_big_flooded_room, lemuel_coloured_pillars_altar,
          minitemple, serial_bayou_pond_d, lemuel_flame_loot_1, uniq_grinder
D:6:      portal_sewer_entry_e, uniq_eustachio, uniq_menkaure
D:7:      kennysheep_mini_moat, grunt_ogre_cave
D:8:      uniq_joseph
Sewer:    sewer_co_scattered_pipes

Skill      XL: |  1  2  3 |
---------------+----------+-----
Unarmed Combat | 1 2 3 |  3.2
Stealth        | 3 4 |  4.2
Dodging        | 3 |  3.6
Fighting       | 1 |  1.7
Invocations    | 1 |  1.3
Spellcasting   | |  2.0
Conjurations   | |  3.6

Action                   |  1- 3 |  4- 6 || total
-------------------------+-------+-------++-------
Melee: Unarmed           |    79 |    53 ||   132
       Bite              |     3 |     1 ||     4
 Cast: Magic Dart        |    22 |       ||    22
Invok: Heroism           |       |     5 ||     5
Evoke: Wand              |     4 |     3 ||     7
  Use: Scroll            |     4 |       ||     4
       Potion            |       |     1 ||     1
 Stab: Sleeping          |    11 |     1 ||    12
  Eat: Chunk             |     5 |       ||     5
       Beef jerky        |     1 |       ||     1
Armor: Skin              |    48 |    33 ||    81
Dodge: Dodged            |    52 |    54 ||   106
